 Dungeon Crawl Stone Soup version 0.29-a0-721-g7f417c9bbb (webtiles) character file.

Game seed: 12094227175449108840

447 crusatyr the Ruffian (level 6, -2/59 HPs)
             Began as a Troll Monk on June 28, 2022.
             Slain by a gnoll
             ... wielding a +0 club
              (5 damage)
             ... on level 4 of the Dungeon.
             The game lasted 00:04:43 (3309 turns).

crusatyr the Ruffian (Troll Monk)                   Turns: 3309, Time: 00:04:44

Health: -2/59      AC:  5    Str: 22    XL:     6   Next: 73%
Magic:  5/5        EV: 10    Int:  6    God:
Gold:   215        SH:  0    Dex: 12    Spells: 5/5 levels left

rFire   . . .      SeeInvis .     - Unarmed
rCold   . . .      Faith    .   (no shield)
rNeg    . . .      Spirit   .   a - +0 robe
rPois   .          Reflect  .   (helmet restricted)
rElec   .          Harm     .   n - +0 cloak
rCorr   .          Rampage  .   (gloves unavailable)
Will    .....                   (boots unavailable)
Stlth   ++........              (no amulet)
HPRegen 0.99/turn               (no ring)
MPRegen 0.09/turn               (no ring)

@: no status effects
A: large, unfitting armour, claws 3, regeneration 1, shaggy fur 1, tough skin 1
a: no special abilities


You were on level 4 of the Dungeon.
You visited 1 branch of the dungeon, and saw 4 of its levels.

You collected 215 gold pieces.

Inventory:

Hand Weapons
 j - a +0 whip
 s - a +2 dagger of venom
 v - a +0 giant spiked club
Armour
 a - a +0 robe (worn)
 n - a +0 cloak (worn)
Jewellery
 w - a +4 ring of evasion
Wands
 y - a wand of flame (19)
Scrolls
 c - a scroll of enchant armour {unknown}
 d - 3 scrolls of fog {unknown}
 i - a scroll of teleportation {unknown}
 k - 4 scrolls of identify {unknown}
 l - 2 scrolls of noise {unknown}
 p - 4 scrolls of amnesia {unknown}
 q - a scroll of torment {unknown}
 x - a scroll of blinking {unknown}
Potions
 b - a potion of ambrosia
 e - a potion of flight {unknown}
 f - 5 potions of curing {unknown}
 g - 2 potions of attraction {unknown}
 h - a potion of heal wounds {unknown}
 m - a potion of degeneration {unknown}
 o - 3 potions of invisibility {unknown}
 r - a potion of berserk rage {unknown}
 t - a potion of magic {unknown}
 u - a potion of resistance {unknown}


   Skills:
 - Level 2.4 Fighting
 - Level 2.4 Dodging
 - Level 1.0 Stealth
 + Level 7.7 Unarmed Combat


You had 5 spell levels left.
You didn't know any spells.
Your spell library contained the following spells:

 Spells                   Type           Power      Damage    Failure   Level
 Magic Dart               Conj           0%         1d3       45%         1
 Blink                    Tloc           0%         N/A       58%         2
 Call Imp                 Summ           0%         N/A       58%         2
 Ensorcelled Hibernation  Hex/Ice        0%         N/A       58%         2
 Gell's Gravitas          Tloc           0%         N/A       83%         3
 Lesser Beckoning         Tloc           0%         N/A       83%         3
 Mephitic Cloud           Conj/Pois/Air  0%         N/A       83%         3
 Spider Form              Tmut/Pois      0%         N/A       83%         3
 Summon Guardian Golem    Hex/Summ       0%         N/A       83%         3
 Teleport Other           Tloc           0%         N/A       83%         3
 Anguish                  Hex/Necr       0%         N/A       99%         4
 Manifold Assault         Tloc           0%         N/A       100%        5
 Dispersal                Tloc           0%         N/A       100%        6
 Orb of Destruction       Conj           0%         9d5       100%        7
 Spellforged Servitor     Conj/Summ      0%         N/A       100%        7
 Borgnjor's Revivificati  Necr           0%         N/A       100%        8
 Disjunction              Tloc           0%         N/A       100%        8
 Necromutation            Tmut/Necr      0%         N/A       100%        8
 Death's Door             Necr           0%         N/A       100%        9


Dungeon Overview and Level Annotations

Branches:
Dungeon (4/15)
 Temple: D:4-7

Altars:
Okawaru


Innate Abilities, Weirdness & Mutations

You are too large for most types of armour.
You have claws for hands.
Your natural rate of healing is unusually fast.
You are covered in fur. (AC +1)
You have tough skin. (AC +1)


Message History

You are too injured to fight recklessly!
You are too injured to fight recklessly!
You claw the kobold brigand!
The kobold brigand is severely wounded.
The kobold brigand hits you with a +0 short sword.
The gnoll closely misses you. The kobold barely misses you.
The gnoll misses you.
You barely miss the kobold brigand.
The kobold brigand is severely wounded.
The kobold brigand barely misses you. The gnoll hits you with a +0 club.
The kobold barely misses you.
The gnoll hits you from afar with a +0 spear.
You closely miss the kobold brigand.
The kobold brigand is severely wounded.
You barely miss the kobold brigand.
The kobold brigand is severely wounded.
The kobold brigand hits you with a +0 short sword!
The gnoll hits you with a +0 club.
* * * LOW HITPOINT WARNING * * *
The kobold hits you with a +0 club.
* * * LOW HITPOINT WARNING * * *
The gnoll closely misses you.
You barely miss the kobold brigand.
The kobold brigand is severely wounded.
The kobold brigand hits you but does no damage.
The gnoll misses you. The kobold hits you but does no damage.
The gnoll hits you from afar with a +0 spear.
* * * LOW HITPOINT WARNING * * *
You scratch the kobold brigand.
The kobold brigand is almost dead.
The kobold brigand hits you with a +0 short sword.
* * * LOW HITPOINT WARNING * * *
The gnoll hits you with a +0 club!
* * * LOW HITPOINT WARNING * * *
The kobold hits you but does no damage.
The gnoll hits you from afar with a +0 spear.
* * * LOW HITPOINT WARNING * * *
The kobold brigand barely misses you. The gnoll attacks as you move away!
The gnoll hits you with a +0 club.
You die...

######''#########################
....#...)#....(..#.........
....#....#....)..'.........
#####.)()#########.........
...#..)...#..........#####
...'......'..........#
...#......#..........########
#####....#########...........
....#....#....Kg@'...........
....#....#....gK.#...........
#############################


You could see a kobold brigand, 2 gnolls and a kobold.

Vanquished Creatures
  A kobold brigand (D:4)
  A scorpion (D:4)
  A hound (D:4)
  5 adders
  7 gnolls (D:4)
  6 worms
  5 dart slugs
  5 orcs
  7 ball pythons
  9 endoplasms
  4 giant cockroaches
  11 hobgoblins
  7 jackals
  36 kobolds
  3 quokkas
  11 bats
  4 frilled lizards
  14 goblins
  5 rats
142 creatures vanquished.

Notes
Turn   | Place    | Note
-------+----------+-------------------------------------------
     0 | D:1      | crusatyr the Troll Monk began the quest for the Orb.
     0 | D:1      | Reached XP level 1. HP: 22/22 MP: 0/0
   165 | D:1      | Reached XP level 2. HP: 29/29 MP: 1/1
   370 | D:1      | Reached skill level 4 in Unarmed Combat
   431 | D:1      | Reached XP level 3. HP: 36/36 MP: 2/2
  1067 | D:2      | Reached XP level 4. HP: 43/44 MP: 3/3
  1158 | D:2      | Reached skill level 5 in Unarmed Combat
  1909 | D:3      | Found a faded altar of an unknown god.
  2197 | D:3      | Reached XP level 5. HP: 50/50 MP: 4/4
  2331 | D:3      | Reached skill level 6 in Unarmed Combat
  2562 | D:3      | Found an iron altar of Okawaru.
  3004 | D:4      | Reached XP level 6. HP: 47/59 MP: 5/5
  3084 | D:4      | Reached skill level 7 in Unarmed Combat
  3307 | D:4      | HP: 2/59 [gnoll/+0 spear (1)]
  3309 | D:4      | Slain by a gnoll

Illustrated notes

Levels and vault maps discovered:
D:1:      saegor_arrival_simple_b, layout_loops_corners, minmay_quantized
D:2:      layout_basic
D:3:      minmay_thinvault, layout_basic, okawaru_altar_gauntlet_db,
          dreamdust_ecumenical_altar_angels_and_demons
D:4:      minmay_goblin_kobold_castle, layout_cave_pools,
          minmay_temple_entry_gardened_gates

Skill      XL: |  1  2  3  4  5  6 |
---------------+-------------------+-----
Unarmed Combat | 4 5 6 7 |  7.7
Fighting       | |  2.4
Dodging        | |  2.4
Stealth        | |  1.0

Action                   |  1- 3 |  4- 6 || total
-------------------------+-------+-------++-------
Melee: Unarmed           |   119 |   258 ||   377
       Punch             |     1 |     7 ||     8
 Stab: Sleeping          |     2 |     2 ||     4
Armor: Robe              |    57 |   102 ||   159
Dodge: Dodged            |    51 |   163 ||   214

Table legend: (Time is in decaauts)
 A = Elapsed time spent in this place.
 B = Non-inter-level travel time spent in this place.
 C = Inter-level travel time spent in this place.
 D = Time resting spent in this place.
 E = Time spent auto-exploring this place.
 F = Levels seen in this place.
 G = Mean time per level.
                   A        B        C        D        E       F      G
               +--------+--------+--------+--------+--------+-----+--------+
         Total |   3270 |   3163 |    107 |     37 |   2299 |   4 |  817.5 |
       Dungeon |   3270 |   3163 |    107 |     37 |   2299 |   4 |  817.5 |
               +--------+--------+--------+--------+--------+-----+--------+

Top non-repeatable levels by time:
     D:1: 955 daAuts
     D:2: 858 daAuts
     D:3: 776 daAuts
     D:4: 680 daAuts
